 Dungeon Crawl Stone Soup version 0.29.1-15-g9cfb28693d (webtiles) character file.

Game seed: 8647640387608826759

1612 Heoruswealwe the Thaumaturge (level 8, -5/41 HPs)
             Began as a Deep Elf Earth Elementalist on Apr 13, 2023.
             Was a Follower of Vehumet.
             Slain by a polar bear (20 damage)
             ... created by the rage of Trog
             ... on level 6 of the Dungeon.
             The game lasted 00:46:13 (5013 turns).

Heoruswealwe the Thaumaturge (DEEE)                 Turns: 5013, Time: 00:46:15

Health: -5/41      AC:  7    Str:  5    XL:     8   Next: 63%
Magic:  22/24      EV: 12    Int: 23    God:    Vehumet [*.....]
Gold:   338        SH:  5    Dex: 15    Spells: 18/28 levels left

rFire   . . .      SeeInvis .   v - +0 war axe
rCold   . . .      Faith    .   (no shield)
rNeg    . . .      Spirit   .   a - +0 robe
rPois   .          Reflect  +   r - +0 helmet
rElec   .          Harm     .   (no cloak)
rCorr   .          Rampage  .   (no gloves)
Will    .....                   (no boots)
Stlth   ++........              c - amulet of reflection
HPRegen 0.13/turn               d - ring of wizardry
MPRegen 0.19/turn               s - +4 ring of protection

@: no status effects
A: no striking features
a: Renounce Religion


You were on level 6 of the Dungeon.
You worshipped Vehumet.
Vehumet was aware of your devotion.
You visited 2 branches of the dungeon, and saw 7 of its levels.
You also visited: Ossuary.

You collected 338 gold pieces.

Inventory:

Hand Weapons
 v - a +0 war axe (weapon)
Armour
 a - a +0 robe (worn)
 e - a +0 robe
 h - a +1 hat
 j - a +0 robe
 l - a +0 robe
 p - a +0 robe
 r - a +0 helmet (worn)
 u - a +0 robe
Jewellery
 c - an amulet of reflection (around neck)
 d - a ring of wizardry (left hand)
 s - a +4 ring of protection (right hand)
Wands
 B - a wand of digging (5)
Scrolls
 i - a scroll of teleportation
 k - a scroll of fear
 w - a scroll of magic mapping
 x - a scroll of brand weapon
 y - a scroll of enchant armour {unknown}
Potions
 b - 3 potions of magic
 g - 6 potions of heal wounds
 m - a potion of flight {unknown}
 n - 2 potions of attraction {unknown}
 o - a potion of might {unknown}
 q - 4 potions of haste {unknown}
 t - 2 potions of brilliance {unknown}
 z - a potion of curing {unknown}
 A - a potion of berserk rage {unknown}


   Skills:
 - Level 2.4 Dodging
 - Level 2.4 Stealth
 + Level 10.5 Spellcasting
 - Level 1.1 Transmutations
 + Level 9.1 Earth Magic


You had 18 spell levels left.
You knew the following spells:

 Your Spells              Type           Power      Damage    Failure   Level
a - Sandblast             Erth           100%       2d20      1%          1
b - Stone Arrow           Conj/Erth      66%        3d11      1%          3
c - Petrify               Tmut/Erth      35%        N/A       2%          4
z - Passwall              Tmut/Erth      29%        N/A       1%          2

Your spell library contained the following spells:

 Spells                   Type           Power      Damage    Failure   Level
 Shock                    Conj/Air       48%        1d6       2%          1
 Ensorcelled Hibernation  Hex/Ice        24%        N/A       3%          2
 Spider Form              Tmut/Pois      14%        N/A       5%          3
 Gell's Gravitas          Tloc           12%        N/A       6%          3
 Summon Guardian Golem    Hex/Summ       12%        N/A       6%          3
 Teleport Other           Tloc           12%        N/A       6%          3
 Anguish                  Hex/Necr       6%         N/A       21%         4
 Dispersal                Tloc           6%         N/A       96%         6
 Orb of Destruction       Conj           6%         9d6       100%        7
 Spellforged Servitor     Conj/Summ      6%         N/A       100%        7


Dungeon Overview and Level Annotations

Branches:
Dungeon (6/15)             Temple (1/1) D:4         Ossuary (visited)

Altars:
Dithmenos
Fedhas
Gozag
Hepliaklqana
Makhleb
Nemelex Xobeh
Okawaru
Qazlal
Ru
Sif Muna
Trog
Uskayaw
Vehumet
Wu Jian
Xom
The Shining One


Message History

Things that are here:
a +0 dagger; a +0 robe
p - a +0 robe
B - a wand of digging (5) Trog sends monsters to punish you. 2 polar bears and 3 black bears come into view.
You barely miss the black bear. x2
Blink to where?
Press: ? - help, Dir - move target
As you read the scroll of blinking, it crumbles to dust.
Found a flail.
You hear an angry growl.
You hear an angry growl. x2
The polar bear bites you.
The polar bear claws you but does no damage.
The polar bear claws you.
You can't see any enemies this would affect, really read the scroll of fear? [Y]es or [N]o only, please.
You can't see any enemies this would affect, really read the scroll of fear?
Okay, then.
Casting: Sandblast (safe; 1% risk of failure)
Confirm with . or Enter, or press ? or * to list all spells.
Aiming: Sandblast (safe; 1% risk of failure)
Press: ? - help, Shift-Dir - straight line, f - polar bear
Aim: a polar bear (durably summoned, berserk, 89% to hit)
The blast of sand hits the polar bear!
The polar bear is moderately wounded.
The polar bear barely misses you. x3
You hear an angry growl.
The polar bear bites you. You block the polar bear's attack.
The polar bear misses you.
Casting: Sandblast (safe; 1% risk of failure)
Confirm with . or Enter, or press ? or * to list all spells.
Aiming: Sandblast (safe; 1% risk of failure)
Press: ? - help, Shift-Dir - straight line, f/p - polar bear
Aim: a polar bear (moderately wounded, durably summoned, berserk, 89% to hit)
The blast of sand hits the polar bear.
The polar bear is moderately wounded.
The polar bear bites you!!
You die...

#h###.....#.)........
#h# #.....#.....#....
#h# #.....###########
#.# #....## #.#
#....# #h###....#
#...h##### ####h# #@#
#.# #.# #.# #.# ...
..) ...


You could see a polar bear (berserk) and a black bear (berserk).

Vanquished Creatures
  A steam dragon (D:6)
  Duvessa (D:6)
  2 ice beasts
  3 ogres
  2 phantoms
  A necrophage (D:5)
  Dowan (D:6)
  A centaur zombie (Ossuary)
  An orc priest (D:3)
  2 jellies
  A hound (D:4)
  3 human zombies (Ossuary)
  3 iguanas
  An orc wizard (D:5)
  4 mummies (Ossuary)
  8 gnolls
  9 adders
  A shadow imp (D:6)
  An ufetubus (D:5)
  3 worms
  A dart slug (D:2)
  8 orcs
  3 bats
  9 endoplasms
  6 giant cockroaches
  4 goblins
  11 hobgoblins
  7 jackals
  11 kobolds
  4 quokkas
  6 ball pythons
  2 frilled lizards
  A goblin zombie (Ossuary)
  A hobgoblin zombie (Ossuary)
  A kobold zombie (Ossuary)
  An orc zombie (Ossuary)
  7 rats
132 creatures vanquished.

Vanquished Creatures (others)
  46 plants
46 creatures vanquished.

Grand Total: 178 creatures vanquished

Notes
Turn   | Place    | Note
-------+----------+-------------------------------------------
     0 | D:1      | Heoruswealwe the Deep Elf Earth Elementalist began the
                  | quest for the Orb.
     0 | D:1      | Reached XP level 1. HP: 10/10 MP: 6/6
   213 | D:1      | Reached XP level 2. HP: 15/15 MP: 6/8
   216 | D:1      | Learned a level 2 spell: Passwall
   696 | D:2      | Reached skill level 4 in Spellcasting
   696 | D:2      | Reached XP level 3. HP: 19/19 MP: 6/10
   754 | D:2      | Learned a level 3 spell: Stone Arrow
   960 | D:2      | Reached XP level 4. HP: 4/24 MP: 5/12
   966 | D:2      | Reached skill level 5 in Spellcasting
  1230 | D:1      | You fall into a shaft and drop 1 floor!
  1389 | D:2      | Learned a level 4 spell: Petrify
  1629 | D:3      | Reached skill level 5 in Earth Magic
  1696 | D:3      | Found an opulent altar of Gozag.
  1779 | D:3      | Reached XP level 5. HP: 28/28 MP: 11/14
  1789 | D:3      | Found a burning altar of Makhleb.
  2158 | D:3      | Reached skill level 6 in Spellcasting
  2692 | D:3      | Found a faded altar of an unknown god.
  2692 | D:3      | Found a hazy altar of Hepliaklqana.
  2694 | D:3      | Found a faded altar of an unknown god.
  2734 | D:3      | Prayed at the altar of an unknown god.
  2734 | D:3      | Became a worshipper of Trog the Wrathful
  2734 | D:3      | Reached * piety under Trog
  2741 | D:3      | Prayed at the altar of an unknown god.
  2743 | D:3      | Fell from the grace of Trog
  2945 | D:4      | Reached XP level 6. HP: 32/32 MP: 13/17
  2979 | D:4      | Found a staircase to the Ecumenical Temple.
  3031 | Temple   | Entered the Ecumenical Temple
  3031 | Temple   | Found a transporter.
  3031 | Temple   | Found a transporter.
  3033 | Temple   | Found a transporter.
  3033 | Temple   | Found a transporter.
  3068 | Temple   | Became a worshipper of Vehumet
  3306 | D:3      | You fall into a shaft and drop 1 floor!
  3384 | D:4      | Reached skill level 7 in Spellcasting
  3437 | D:5      | Entered Level 5 of the Dungeon
  3515 | D:5      | Reached XP level 7. HP: 36/36 MP: 17/20
  3570 | D:5      | Reached skill level 8 in Spellcasting
  3630 | D:5      | Found an iron altar of Okawaru.
  3776 | D:5      | Found a sand-covered staircase.
  3783 | Ossuary  | Entered an ossuary
  3836 | Ossuary  | Reached * piety under Vehumet
  3836 | Ossuary  | Offered knowledge of Shock by Vehumet.
  3871 | Ossuary  | Reached skill level 9 in Spellcasting
  3891 | Ossuary  | Reached XP level 8. HP: 22/41 MP: 12/23
  4266 | D:5      | Identified the +9 short sword of Hepliaklqana {pain, rElec
                  | rF- MP+9 Str-5}
  4727 | D:6      | Reached skill level 10 in Spellcasting
  4819 | D:6      | Found a glowing golden altar of the Shining One.
  4924 | D:6      | Noticed Duvessa
  4926 | D:6      | Noticed Dowan
  4957 | D:6      | Killed Duvessa
  4959 | D:6      | Killed Dowan
  5007 | D:6      | Noticed a polar bear
  5007 | D:6      | Noticed a polar bear
  5013 | D:6      | Slain by a polar bear

Illustrated notes

Levels and vault maps discovered:
D:1:      dpeg_arrival_houses_and_road, layout_loops_ring
D:2:      layout_basic
D:3:      layout_basic, nicolae_hepliaklqana_ecumenical_no_more,
          grunt_gozag_statues, mainiacjoe_overflow_concentric_impassable,
          lexackson_kobold_supper
D:4:      layout_rooms, minmay_temple_entry_statues_fountains
D:5:      layout_loops_corners, mainiacjoe_overflow_small_starburst,
          enter_ossuary_3, serial_bayou_ford_a
D:6:      layout_basic, overflow_temple_1_default, uniq_duvessa
Temple:   hellmonk_temple_divided_pantheon

Skill      XL: |  1  2  3  4  5  6  7  8 |
---------------+-------------------------+-----
Spellcasting   | 4 5 6 7 9 10 | 10.5
Earth Magic    | 4 5 6 7 9 |  9.1
Dodging        | |  2.4
Stealth        | |  2.4
Transmutations | |  1.1

Action                   |  1- 3 |  4- 6 |  7- 9 || total
-------------------------+-------+-------+-------++-------
Melee: Short sword       |       |   151 |       ||   151
       Punch             |       |     4 |     1 ||     5
       War axe           |       |       |    45 ||    45
 Cast: Sandblast         |    42 |    99 |    90 ||   231
Invok: Renounce Religion |       |     1 |       ||     1
  Use: Scroll            |     5 |     2 |     7 ||    14
Armor: Robe              |       |     8 |    12 ||    20
Dodge: Dodged            |     6 |     8 |    15 ||    29
Block: Other             |     1 |    12 |     9 ||    22
       Reflection        |       |     3 |       ||     3
